 Dungeon Crawl Stone Soup version 0.25.1-2-g60ff931df9 (webtiles) character file.

Game seed: 2313256510754056645

151 Thedude21 the Chopper (level 5, -5/47 HPs)
             Began as a Hill Orc Fighter on Oct 27, 2020.
             Was a Follower of Okawaru.
             Killed by divine providence
             ... invoked by an orc priest
              (13 damage)
             ... on level 3 of the Dungeon.
             The game lasted 00:13:44 (1407 turns).

Thedude21 the Chopper (Hill Orc Fighter)            Turns: 1407, Time: 00:13:44

Health: -5/47      AC:  8    Str: 20    XL:     5   Next: 33%
Magic:  5/5        EV:  7    Int: 10    God:    Okawaru [*.....]
Gold:   72         SH:  9    Dex: 10    Spells: 4/4 levels left

rFire    + + .     SeeInvis .   a - +0 war axe
rCold    . . .     Gourm    .   c - +0 kite shield
rNeg     . . .     Faith    .   b - +0 scale mail
rPois    .         Spirit   .   (no helmet)
rElec    .         Reflect  .   (no cloak)
rCorr    .         Harm     .   i - +0 pair of gloves
MR       .....                  (no boots)
Stlth    ..........             (no amulet)
HPRegen  0.15/turn              m - ring of protection from fire
MPRegen  0.09/turn              (no ring)

@: mighty
A: hooves 1, clever 1, fire resistance 1, no potion heal 1
a: Heroism, Renounce Religion, Convert to Beogh


You were on level 3 of the Dungeon.
You worshipped Okawaru.
Okawaru was aware of your devotion.
You were not hungry.

You visited 1 branch of the dungeon, and saw 3 of its levels.

You collected 72 gold pieces.

Inventory:

Hand Weapons
 a - a +0 war axe (weapon)
Armour
 b - a +0 scale mail (worn)
 c - a +0 kite shield (worn)
 i - a +0 pair of gloves (worn)
Jewellery
 m - a ring of protection from fire (left hand)
Scrolls
 k - a scroll of magic mapping
Comestibles
 f - 2 rations


   Skills:
 + Level 4.5 Fighting
 * Level 4.9 Axes
 + Level 4.0 Armour
 + Level 4.1 Shields


You had 4 spell levels left.
You didn't know any spells.
Your spell library was empty.

Dungeon Overview and Level Annotations

Branches:
Dungeon (3/15)

Altars:
Okawaru


Innate Abilities, Weirdness & Mutations

You have large cloven feet.
Your mind is acute. (Int +2)
Your flesh is heat resistant. (rF+)
Potions are less effective at restoring your health.


Message History

You aren't carrying any potions.
You closely miss the orc priest.
The orc priest shouts, "Beogh is our master!
Accept the truth or die!" x2
You slash the orc priest!
The orc priest is heavily wounded.
You block the orc priest's attack.
You barely miss the orc priest. Your kick misses the orc priest.
The orc priest is heavily wounded.
The orc priest shouts, "Join the one true god or die!"
The orc priest completely misses you.
You closely miss the orc priest.
The orc priest is heavily wounded.
The orc priest hits you but does no damage.
You block the orc priest's attack.
Your shield and scale mail prevent you from hitting the orc priest.
The orc priest is heavily wounded.
The orc priest shouts, "Beogh is our master!
Accept the truth or die!"
The orc priest invokes the aid of Beogh against you.
Beogh smites you!
You die...

###..#....#######
..........))b...#
....>.....#####.#
..........#<..#.#
..........###.#.#
.$........#...#o#
..........#.###b#
..........#.# #o#
..........#.# #@#
........#.# #.#
#.# #.# #.###.#
#.#...# ###.#.###
#...#.# #.###.#
#.....#


You could see 2 orc priests and a bat.

Vanquished Creatures
  An orc wizard (D:3)
  Jessica (D:2)
  Robin (D:2)
  3 gnolls (D:2)
  An adder (D:3)
  A worm (D:2)
  A leopard gecko (D:2)
  2 orcs (D:3)
  2 bats (D:2)
  A giant cockroach (D:2)
  10 goblins
  5 hobgoblins (D:2)
  4 jackals (D:1)
  A quokka (D:2)
  3 frilled lizards
  2 kobolds
  4 rats
43 creatures vanquished.

Notes
Turn   | Place    | Note
-------+----------+-------------------------------------------
     0 | D:1      | Thedude21 the Hill Orc Fighter began the quest for the Orb.
     0 | D:1      | Reached XP level 1. HP: 19/19 MP: 1/1
   141 | D:1      | Found an iron altar of Okawaru.
   149 | D:1      | Became a worshipper of Warmaster Okawaru
   326 | D:1      | Reached XP level 2. HP: 23/27 MP: 2/2
   500 | D:2      | Found a faded altar of an unknown god.
   623 | D:2      | Noticed Robin
   642 | D:2      | Killed Robin
   642 | D:2      | Reached XP level 3. HP: 31/33 MP: 3/3
   646 | D:2      | Noticed Jessica
   654 | D:2      | Killed Jessica
   654 | D:2      | Reached XP level 4. HP: 33/40 MP: 4/4
   865 | D:2      | Reached * piety under Okawaru
  1289 | D:3      | Reached XP level 5. HP: 43/47 MP: 5/5
  1392 | D:3      | Gained mutation: Your mind is acute. (Int +2) [potion of
                  | mutation]
  1392 | D:3      | Gained mutation: Potions are less effective at restoring
                  | your health. [potion of mutation]
  1392 | D:3      | Gained mutation: You have large cloven feet. [potion of
                  | mutation]
  1392 | D:3      | Gained mutation: Your flesh is heat resistant. (rF+)
                  | [potion of mutation]
  1392 | D:3      | HP: 1/47 [orc priest/+0 hand axe (4)]
  1407 | D:3      | Killed from afar by an orc priest

Illustrated notes

Levels and vault maps discovered:
D:1:      ncdulo_smallfort, layout_rooms, okawaru_ov_weapons_minmay
D:2:      layout_loops_cross, chequers_ecumenical_altar_simple, uniq_robin,
          uniq_jessica
D:3:      layout_basic

Skill      XL: |  1  2  3  4 |
---------------+-------------+-----
Axes           | 3 4 |  4.9
Fighting       | 4 |  4.5
Armour         | 4 |  4.0
Shields        | 4 |  4.1

Action                   |  1- 3 |  4- 6 || total
-------------------------+-------+-------++-------
Melee: War axe           |    77 |    77 ||   154
  Use: Scroll            |     4 |     1 ||     5
       Potion            |       |     3 ||     3
  Eat: Chunk             |       |     2 ||     2
Armor: Scale mail        |    39 |    26 ||    65
Dodge: Dodged            |    16 |    27 ||    43
Block: Kite shield       |    36 |    39 ||    75
